[Event "November 21 Late 2023"]
[Site "https://www.chess.com"]
[Date "2023.11.21"]
[Round "9"]
[White "Taher, Yoseph Theolifus"]
[Black "Gubajdullin, Alexei"]
[Result "1-0"]
[Board "20"]
[TimeControl "180+1"]
[WhiteFideId "7105347"]
[BlackFideId "4141202"]
[WhiteElo "2352"]
[BlackElo "2280"]
[WhiteTeam "INA"]
[BlackTeam "RUS"]
[WhiteClock "0:01:38"]
[BlackClock "0:00:07"]

1. d4 Nf6 2. Nc3 d5 3. Bf4 a6 4. e3 g6 5. Nf3 Bg7 6. h4 h6 7. Ne5 Nbd7 8. Bd3 c5 9. Qf3 cxd4 10. exd4 Nb6 11. O-O-O Bf5 12. Rhe1 Bxd3 13. Qxd3 O-O 14. g4 h5 15. Rg1 Rc8 16. Bd2 Nc4 17. gxh5 Nxe5 18. dxe5 Nxh5 19. e6 d4 20. exf7+ Rxf7 21. Qxg6 Rc5 22. Ne4 Re5 23. Ng5 Rxf2 24. Qh7+ Kf8 25. Qxh5 d3 26. Rdf1 Ref5 27. Ne6+ 1-0

[Event "November 21 Late 2023"]
[Site "https://www.chess.com"]
[Date "2023.11.21"]
[Round "9"]
[White "Fiorito, Francisco"]
[Black "Pakleza, Zbigniew"]
[Result "0-1"]
[Board "21"]
[TimeControl "180+1"]
[WhiteFideId "180165"]
[BlackFideId "1119290"]
[WhiteElo "2318"]
[BlackElo "2410"]
[WhiteTeam "ARG"]
[BlackTeam "POL"]
[WhiteClock "0:00:00"]
[BlackClock "0:00:12"]

1. Nf3 d5 2. g3 Nf6 3. Bg2 Bf5 4. d3 e6 5. Nh4 Bg4 6. h3 Bh5 7. g4 Nfd7 8. Nf3 Bg6 9. O-O Be7 10. e3 O-O 11. b3 c5 12. Bb2 Nc6 13. Nbd2 h6 14. Nh2 b5 15. f4 Bh7 16. a4 a6 17. Nhf3 Qb6 18. Kh2 c4 19. axb5 axb5 20. Qe2 cxd3 21. cxd3 Bf6 22. Bxf6 Nxf6 23. Ne5 Nxe5 24. fxe5 Nd7 25. Nf3 Nc5 26. Rxa8 Rxa8 27. d4 Nxb3 28. g5 h5 29. Nh4 Nxd4 30. exd4 Qxd4 31. Qxh5 Qxe5+ 32. Kh1 Rf8 33. Qg4 Bd3 34. Nf3 Qc3 35. Rf2 b4 36. g6 Bxg6 37. Nh4 Bd3 38. Qd1 b3 39. Qd2 Qxd2 40. Rxd2 Bc2 0-1

[Event "November 21 Late 2023"]
[Site "https://www.chess.com"]
[Date "2023.11.21"]
[Round "9"]
[White "Bjelobrk, Igor"]
[Black "Khamrakulov, Djurabek"]
[Result "1/2-1/2"]
[Board "22"]
[TimeControl "180+1"]
[WhiteFideId "4300726"]
[BlackFideId "14201143"]
[WhiteElo "2319"]
[BlackElo "2535"]
[WhiteTeam "AUS"]
[BlackTeam "UZB"]
[WhiteClock "0:00:13"]
[BlackClock "0:00:15"]

1. d4 f5 2. Nc3 Nf6 3. Bg5 g6 4. Bxf6 exf6 5. e4 fxe4 6. Nxe4 Bg7 7. Nf3 Qe7 8. Qe2 O-O 9. O-O-O d5 10. Ng3 Qxe2 11. Bxe2 Nc6 12. c3 Ne7 13. Rde1 Nf5 14. Bd3 Nxg3 15. hxg3 Bd7 16. Re7 Rad8 17. Rhe1 Rf7 18. Nd2 Rxe7 19. Rxe7 Bf8 20. Re1 Kf7 21. Nf1 Re8 22. Rxe8 Bxe8 23. Ne3 c6 24. Kd2 f5 25. f4 Bd6 26. b4 Bd7 27. a3 Kf6 28. Ke2 h6 29. Kf3 g5 30. Bc2 a5 31. Bd3 b6 32. Bc2 Be6 33. Bd3 c5 34. bxa5 bxa5 35. a4 cxd4 36. cxd4 Bb4 37. Bb5 Be1 38. Nf1 Bc3 39. Ke3 Ke7 40. Kd3 Be1 41. Ke2 Bb4 42. Ne3 Bc3 43. Nc2 Kf6 44. Kd3 Bb2 45. Ne3 Ke7 46. Bc6 Kd6 47. Be8 Bc1 48. Bg6 Bxe3 49. Kxe3 Bd7 50. g4 Bxa4 51. gxf5 Bc2 52. fxg5 hxg5 53. g4 Be4 54. Kd2 Ke7 55. Kc3 Bf3 56. Bh5 Bd1 57. Kb2 Kf6 58. Ka3 Bc2 59. Kb2 Bd1 60. Ka3 Ke7 61. Kb2 Kd6 62. Ka3 Kc6 63. f6 Kd6 64. f7 Ke7 65. Kb2 Ba4 66. Ka3 Bd7 67. Kb3 Kf8 68. Ka3 Kg7 69. Kb3 Bb5 70. Ka3 Bd7 71. Kb3 Kf8 72. Ka3 Ke7 73. Kb3 Bc6 74. Ka3 Bb5 75. Kb3 Bc6 76. Ka3 Bb5 77. Kb3 Bc6 1/2-1/2

[Event "November 21 Late 2023"]
[Site "https://www.chess.com"]
[Date "2023.11.21"]
[Round "9"]
[White "Sturt, Raven"]
[Black "Troff, Kayden"]
[Result "1-0"]
[Board "23"]
[TimeControl "180+1"]
[WhiteFideId "2007304"]
[BlackFideId "2047896"]
[WhiteElo "2408"]
[BlackElo "2544"]
[WhiteTeam "USA"]
[BlackTeam "USA"]
[WhiteClock "0:00:05"]
[BlackClock "0:00:00"]

1. f4 Nh6 2. Nf3 g6 3. d3 d5 4. Qd2 Bg7 5. e4 dxe4 6. dxe4 Qxd2+ 7. Nbxd2 O-O 8. c3 Ng4 9. Nc4 Nd7 10. h3 Ngf6 11. e5 Ne4 12. Bd3 Nec5 13. Bc2 a5 14. Be3 b5 15. Na3 b4 16. Nb5 c6 17. Nbd4 Bb7 18. Kf2 Rfc8 19. Bd2 Na6 20. Nb3 bxc3 21. Bxc3 Nb4 22. Be4 Nd5 23. Rhd1 a4 24. Na5 Nxc3 25. bxc3 Nc5 26. Nxb7 Nxe4+ 27. Ke3 Nxc3 28. Rd7 Nd5+ 29. Ke4 Bf8 30. Nd2 Rab8 31. Nc4 Rc7 32. Rxc7 Nxc7 33. Nca5 e6 34. Rc1 c5 35. Rc4 Nd5 36. Kf3 Nb6 37. Rc1 Nd5 38. Rc4 Nb4 39. a3 Nd5 40. Rxa4 Nb6 41. Re4 Rc8 42. Nd6 Ra8 43. Ndc4 Nd5 44. g3 Be7 45. Re1 Bd8 46. Nc6 Bc7 47. Rb1 Ra4 48. Nd6 Rxa3+ 49. Kf2 Ra2+ 50. Kf3 Ra3+ 51. Kf2 Nc3 52. Re1 Ra2+ 53. Kf3 Nd5 54. Ne8 c4 55. Nxc7 Nxc7 56. Rc1 Ra3+ 57. Kf2 c3 58. Nb4 Rb3 59. Nc2 Nd5 60. Kf3 Rb2 61. Ke4 Ra2 62. h4 Ne7 63. Kd3 Nf5 64. Rg1 1-0

[Event "November 21 Late 2023"]
[Site "https://www.chess.com"]
[Date "2023.11.21"]
[Round "9"]
[White "Ghasi, Ameet K"]
[Black "Erdogan, Anil Berk"]
[Result "1-0"]
[Board "24"]
[TimeControl "180+1"]
[WhiteFideId "409200"]
[BlackFideId "6348173"]
[WhiteElo "2558"]
[BlackElo "2007"]
[WhiteTeam "ENG"]
[BlackTeam "TUR"]
[WhiteClock "0:00:33"]
[BlackClock "0:00:16"]

1. b3 e5 2. Bb2 Nc6 3. e3 Nf6 4. a3 a6 5. c4 d5 6. cxd5 Nxd5 7. b4 Be7 8. Nf3 e4 9. Nd4 Nxd4 10. Bxd4 Bf6 11. Bxf6 Qxf6 12. Ra2 Be6 13. Rc2 O-O 14. Nc3 Nxc3 15. Rxc3 c6 16. Qc2 Qg6 17. g3 a5 18. b5 cxb5 19. Bxb5 Bh3 20. Bf1 Bxf1 21. Rxf1 Qf5 22. f3 Qh3 23. Qxe4 Qxh2 24. Qh4 Qxh4 25. gxh4 Rac8 26. Rxc8 Rxc8 27. Ke2 h5 28. Rb1 Rc4 29. d4 Ra4 30. Rxb7 Rxa3 31. d5 Ra2+ 32. Kd3 a4 33. d6 Ra1 34. d7 Rd1+ 35. Kc2 Rd6 36. Rb8+ Kh7 37. d8=Q Rxd8 38. Rxd8 g5 39. hxg5 Kg6 40. f4 Kf5 41. Rh8 Kg4 42. Kb2 f6 43. gxf6 1-0

[Event "November 21 Late 2023"]
[Site "https://www.chess.com"]
[Date "2023.11.21"]
[Round "9"]
[White "Vadim_Galchenko"]
[Black "Skvortsov, Andrei"]
[Result "0-1"]
[Board "25"]
[TimeControl "180+1"]
[BlackFideId "24108600"]
[WhiteElo "2588"]
[BlackElo "2357"]
[BlackTeam "MNE"]
[WhiteClock "0:00:00"]
[BlackClock "0:00:30"]

1. e4 d5 2. exd5 Qxd5 3. Nc3 Qe5+ 4. Be2 Bg4 5. d4 Bxe2 6. Ngxe2 Qa5 7. O-O Nf6 8. b4 Qh5 9. Qd3 e6 10. Bf4 Bxb4 11. Nb5 Na6 12. Bxc7 O-O 13. Bg3 Rfd8 14. Rab1 Bf8 15. Nf4 Qh6 16. Rfe1 Nb4 17. Qb3 Nbd5 18. Nd3 a6 19. Nc7 Rac8 20. Nxd5 Nxd5 21. c4 Ne7 22. Qxb7 Rxc4 23. Qxa6 Rcxd4 24. Ne5 Qf6 25. a4 h5 26. Nf3 Rd3 27. Be5 Qf5 28. Nh4 Qg4 29. g3 Nf5 30. Ng2 Ra3 31. Ra1 Qb4 32. Rxa3 Qxa3 33. Qb5 Rd5 34. Qb8 Qxa4 35. Nf4 Rb5 36. Qe8 Qa5 37. Nd3 Rd5 38. Rd1 Qa6 0-1

[Event "November 21 Late 2023"]
[Site "https://www.chess.com"]
[Date "2023.11.21"]
[Round "9"]
[White "Tologon tegin, Semetei"]
[Black "Nazari, Arad"]
[Result "0-1"]
[Board "26"]
[TimeControl "180+1"]
[WhiteFideId "13800574"]
[BlackFideId "12577324"]
[WhiteElo "2258"]
[BlackElo "2100"]
[WhiteTeam "KGZ"]
[BlackTeam "IRI"]
[WhiteClock "0:00:20"]
[BlackClock "0:00:43"]

1. d4 Nf6 2. c4 g6 3. Nc3 d5 4. cxd5 Nxd5 5. e4 Nxc3 6. bxc3 Bg7 7. Bc4 O-O 8. Ne2 c5 9. O-O Nc6 10. Be3 Bg4 11. f3 Bd7 12. Rb1 cxd4 13. cxd4 a6 14. Qd2 b5 15. Bd3 Rc8 16. Rfc1 Qa5 17. Qb2 Rfd8 18. e5 Be6 19. Nf4 Bh6 20. g3 Bxf4 21. gxf4 Qxa2 22. Qxa2 Bxa2 23. Ra1 Bd5 24. Kf2 Nb4 25. Be2 Bb7 26. f5 Nc2 27. Ra2 Nxe3 28. Kxe3 Rxc1 0-1

[Event "November 21 Late 2023"]
[Site "https://www.chess.com"]
[Date "2023.11.21"]
[Round "9"]
[White "Ozates, Tuna"]
[Black "Demchenko, Anton"]
[Result "0-1"]
[Board "27"]
[TimeControl "180+1"]
[WhiteFideId "6354521"]
[BlackFideId "4160258"]
[WhiteElo "2151"]
[BlackElo "2545"]
[WhiteTeam "TUR"]
[BlackTeam "SLO"]
[WhiteClock "0:00:00"]
[BlackClock "0:00:13"]

1. e4 e5 2. Nf3 Nc6 3. Bc4 Nf6 4. d3 h6 5. O-O d6 6. Re1 Be7 7. d4 Bg4 8. c3 O-O 9. d5 Nb8 10. Nbd2 c6 11. dxc6 Nxc6 12. h3 Bh5 13. a4 Bg6 14. Nh4 Bh7 15. Nhf3 Kh8 16. b4 a6 17. Bd3 d5 18. Qc2 d4 19. Ba3 Rc8 20. b5 Nb4 21. Bxb4 Bxb4 22. c4 Qe7 23. Rab1 a5 24. Re2 Nh5 25. g3 Nf6 26. Kg2 b6 27. Nb3 Nd7 28. Nh4 Rc7 29. Rf1 Rfc8 30. Nf5 Qe6 31. f4 f6 32. Qd1 Qe8 33. Rc2 Qg6 34. Kh2 Bg8 35. Qe2 Re8 36. Nh4 Qh7 37. f5 Bf7 38. g4 Qg8 39. Nf3 Rec8 40. Rfc1 Bc3 41. Rxc3 dxc3 42. Rxc3 Qf8 43. h4 Qb4 44. Qc2 Qxa4 45. g5 Nc5 46. gxf6 gxf6 47. Qd2 Kh7 0-1

[Event "November 21 Late 2023"]
[Site "https://www.chess.com"]
[Date "2023.11.21"]
[Round "9"]
[White "Shapiro, Viktor"]
[Black "Tactrics"]
[Result "0-1"]
[Board "28"]
[TimeControl "180+1"]
[WhiteFideId "4175700"]
[WhiteElo "2084"]
[BlackElo "2894"]
[WhiteTeam "RUS"]
[WhiteClock "0:00:00"]
[BlackClock "0:00:34"]

1. c4 c5 2. Nc3 b6 3. g3 Bb7 4. e4 g6 5. Bg2 Bg7 6. Nge2 Nc6 7. O-O e6 8. d3 Nge7 9. Be3 h6 10. Qd2 d6 11. Rab1 Nd4 12. b4 Nec6 13. b5 Ne7 14. a4 g5 15. f4 g4 16. Bxd4 cxd4 17. Nd1 h5 18. f5 Bh6 19. Qb2 e5 20. Nxd4 exd4 21. Qxd4 Rh7 22. Nc3 Qc7 23. f6 Ng6 24. Rf5 Ne5 25. Kf1 Bf8 26. Nd5 Qc5 27. Rxe5+ dxe5 28. Qxe5+ Kd8 29. Qf5 Rh6 30. e5 Bc8 31. Qf4 Be6 32. Ne3 Rc8 33. Bd5 Rg6 34. d4 Qa3 35. Bxe6 Qd3+ 36. Kf2 fxe6 37. Rd1 Qb3 38. d5 Bh6 39. dxe6+ Ke8 40. Qd4 Bxe3+ 41. Ke2 Bxd4 0-1

[Event "November 21 Late 2023"]
[Site "https://www.chess.com"]
[Date "2023.11.21"]
[Round "9"]
[White "Prithu Gupta"]
[Black "Yeletsky, Ivan"]
[Result "0-1"]
[Board "29"]
[TimeControl "180+1"]
[WhiteFideId "46618546"]
[BlackFideId "24180327"]
[WhiteElo "2344"]
[BlackElo "2358"]
[WhiteTeam "IND"]
[BlackTeam "RUS"]
[WhiteClock "0:00:20"]
[BlackClock "0:00:20"]

1. d4 d5 2. c4 e6 3. Nf3 a6 4. c5 Nc6 5. Nc3 Nf6 6. Bg5 h6 7. Bxf6 Qxf6 8. e3 g5 9. Be2 g4 10. Nd2 h5 11. h3 g3 12. f4 Nxd4 13. exd4 Qxd4 14. Qa4+ Qxa4 15. Nxa4 Bd7 16. Bd1 Bg7 17. Rc1 Bd4 18. b4 Bb5 19. Bb3 a5 20. Nc3 Bd3 21. Ne2 Bf2+ 22. Kd1 axb4 23. Nf3 Be3 24. Ne5 Bxe2+ 25. Kxe2 Bxf4 26. Nd3 Bxc1 27. Rxc1 c6 28. Nxb4 h4 29. Nd3 Ke7 30. Rf1 f6 31. Rf4 e5 32. Rb4 Ra7 33. Ne1 e4 34. Nc2 f5 35. Nd4 f4 36. Rb6 Rha8 37. Nf5+ Kf6 38. Nxh4 Kg5 39. Nf3+ exf3+ 40. Kxf3 0-1

[Event "November 21 Late 2023"]
[Site "https://www.chess.com"]
[Date "2023.11.21"]
[Round "9"]
[White "Goltsev, Dmitry"]
[Black "Van Dael, Siem"]
[Result "0-1"]
[Board "30"]
[TimeControl "180+1"]
[WhiteFideId "24176710"]
[BlackFideId "1049771"]
[WhiteElo "2370"]
[BlackElo "2252"]
[WhiteTeam "RUS"]
[BlackTeam "NED"]
[WhiteClock "0:00:07"]
[BlackClock "0:00:06"]

1. e4 c5 2. Nf3 d6 3. d4 cxd4 4. Nxd4 Nf6 5. Nc3 a6 6. f3 e5 7. Nb3 Be6 8. Bg5 Be7 9. Bxf6 Bxf6 10. Nd5 Bg5 11. c4 Nc6 12. Bd3 O-O 13. O-O Rc8 14. Qe2 Bxd5 15. cxd5 Qb6+ 16. Kh1 Nd4 17. Nxd4 Qxd4 18. g3 b5 19. f4 exf4 20. gxf4 Bf6 21. b3 Rc3 22. Rad1 Qc5 23. Rf3 Re8 24. Rh3 g6 25. Rg1 Rc1 26. Rg3 Rxg1+ 27. Rxg1 Bd4 28. Rd1 Kg7 29. Qc2 Qxc2 30. Bxc2 Be3 31. f5 gxf5 32. exf5 Rc8 33. Bd3 Rc5 34. Be4 Kf6 35. Kg2 Bf4 36. h3 Rc3 37. Rf1 Rg3+ 38. Kf2 Rxh3 39. Rd1 Rh2+ 40. Bg2 Kxf5 41. Re1 Be5 42. Rd1 Rh4 43. Rc1 Rf4+ 44. Bf3 h5 45. Ke2 h4 46. Rh1 Rd4 47. Bg2 Kg5 48. Rf1 Bf4 49. Bh3 Rd2+ 50. Kf3 Rd3+ 51. Kg2 Rg3+ 52. Kh2 Rf3+ 53. Kg2 Rxf1 54. Kxf1 Kf6 55. Ke2 Ke5 56. Bg2 Kd4 57. Kf3 Be5 58. Kg4 Kc3 59. Kxh4 Kb2 60. a4 b4 61. a5 Kxb3 62. Bf1 Ka4 63. Bxa6 Kxa5 64. Bd3 b3 65. Kg4 Kb4 66. Kf3 Kc3 67. Bf5 Kd4 68. Be4 b2 69. Bb1 Kxd5 70. Ke2 Kc4 71. Kd2 Kd4 72. Kc2 Ke3 73. Kb3 d5 74. Kc2 f5 75. Ba2 d4 76. Be6 f4 77. Kxb2 f3 78. Bc4 d3+ 79. Kc1 f2 80. Kb1 f1=Q+ 81. Ka2 Qa1+ 82. Kb3 Qc3+ 83. Ka4 Qxc4+ 84. Ka3 Qc3+ 85. Ka4 Qb2 86. Ka5 Qb3 87. Ka6 Qb4 88. Ka7 Qb5 89. Ka8 Qb8# 0-1

[Event "November 21 Late 2023"]
[Site "https://www.chess.com"]
[Date "2023.11.21"]
[Round "9"]
[White "Korchmar, Vasiliy"]
[Black "Musovic, Armin"]
[Result "1-0"]
[Board "31"]
[TimeControl "180+1"]
[WhiteFideId "24131750"]
[BlackFideId "939935"]
[WhiteElo "2372"]
[BlackElo "2322"]
[WhiteTeam "RUS"]
[BlackTeam "MNE"]
[WhiteClock "0:00:23"]
[BlackClock "0:00:09"]

1. e4 c6 2. d4 d5 3. exd5 cxd5 4. Bd3 Nc6 5. c3 Nf6 6. Bf4 Bg4 7. Qb3 e5 8. h3 exf4 9. hxg4 Nxg4 10. Qxb7 Qe7+ 11. Qxe7+ Bxe7 12. Nf3 Rb8 13. b4 h5 14. Nbd2 g5 15. Nb3 Kf8 16. a4 Kg7 17. b5 Bf6 18. Nc5 Na5 19. Nd2 Rbe8+ 20. Kf1 Rc8 21. Bf5 Rc7 22. Re1 Nh6 23. Bd3 Ng4 24. Be2 Re8 25. Rxh5 Rce7 26. Nd3 Nh6 27. Bf3 Rxe1+ 28. Nxe1 Rc8 29. Nb1 Kg6 30. Rh1 Rd8 31. Nd3 g4 32. Bd1 Bg5 33. Ne5+ Kf5 34. Rxh6 Bxh6 35. Nxf7 Bg5 36. Nxd8 Bxd8 37. Bc2+ Kg5 38. Nd2 Bf6 39. Bb3 Nb7 40. Bxd5 Nd6 41. Ne4+ Nxe4 42. Bxe4 g3 43. fxg3 fxg3 44. Ke2 Kf4 45. Kd3 Bg7 46. c4 Bf6 47. a5 Bd8 48. a6 Ba5 49. c5 Bd8 50. b6 axb6 51. a7 bxc5 52. a8=Q c4+ 53. Kxc4 Bf6 54. Qd5 Ke3 55. Qf5 Bd8 56. Qf3+ Kd2 57. Qd3+ Ke1 58. Bf3 Kf2 59. Qe2+ Kg1 60. d5 Kh2 61. d6 Bb6 62. d7 Bd8 63. Qe8 Bc7 64. d8=Q Bxd8 65. Qxd8 Kg1 66. Kd3 Kf2 67. Kd2 Kg1 68. Qh8 Kf1 69. Qh1+ 1-0

[Event "November 21 Late 2023"]
[Site "https://www.chess.com"]
[Date "2023.11.21"]
[Round "9"]
[White "Djokic, Mihailo"]
[Black "Silva Lucena, Cristian"]
[Result "1/2-1/2"]
[Board "32"]
[TimeControl "180+1"]
[WhiteFideId "976440"]
[BlackFideId "2232588"]
[WhiteElo "2265"]
[BlackElo "2248"]
[WhiteTeam "SRB"]
[BlackTeam "ESP"]
[WhiteClock "0:01:48"]
[BlackClock "0:00:09"]

1. e4 c5 2. Nf3 d6 3. d4 cxd4 4. Nxd4 Nf6 5. Nc3 a6 6. Rg1 e5 7. Nb3 Be6 8. g4 d5 9. exd5 Nxd5 10. Nxd5 Qxd5 11. Be3 Nc6 12. Qxd5 Bxd5 13. O-O-O O-O-O 14. Bb6 Rd6 15. g5 Bf3 16. Rxd6 Bxd6 17. Bc4 Bh5 18. Nc5 Re8 19. Ne4 Bc7 20. Bc5 Rd8 21. c3 Bg6 22. Re1 Na5 23. Bf1 Nc6 24. h4 Bf5 25. Ng3 Be6 26. a4 Kb8 27. Kc2 b6 28. Be3 a5 29. Bb5 Na7 30. Bd3 Nc8 31. Bxh7 Rh8 32. Bf5 Rxh4 33. Bxe6 fxe6 34. Rd1 Nd6 35. Bxb6 Bxb6 36. Rxd6 Bxf2 37. Ne2 Rg4 38. Rxe6 Rxg5 39. Kd3 Kb7 40. Ke4 Bb6 41. Rxe5 Rg4+ 42. Kd3 Rxa4 43. Re7+ Kc6 44. Rxg7 Rh4 45. Rg6+ Kb7 46. Re6 Rh3+ 47. Kc4 Rh4+ 48. Kb5 Rh5+ 49. Ka4 Rh4+ 50. Kb3 a4+ 51. Ka2 Bc5 52. Nc1 Rh3 53. Re4 Kb6 54. Rxa4 Kb5 55. Ra8 Kc4 56. Nb3 Bd6 57. Rc8+ Kd5 58. c4+ Ke6 59. c5 Kd7 60. Rg8 Be5 61. Rg2 Kc6 62. Rc2 Rg3 63. Na5+ Kb5 64. Nc4 Bf6 65. Nd6+ Kc6 66. Ne4 Rf3 67. Nxf6 Rxf6 68. b4 Rf4 69. Kb3 Kb5 70. c6 Rxb4+ 71. Ka3 Ra4+ 72. Kb3 Ra8 73. c7 Rc8 74. Rc4 Kb6 75. Kb4 Rxc7 76. Rf4 Rh7 77. Rf6+ Kb7 78. Rf5 Rh6 79. Kb5 Kc7 80. Kc5 Kb7 81. Rf7+ Ka6 82. Rd7 Rh5+ 83. Rd5 Rxd5+ 84. Kxd5 1/2-1/2

[Event "November 21 Late 2023"]
[Site "https://www.chess.com"]
[Date "2023.11.21"]
[Round "9"]
[White "Zhurbinsky, David"]
[Black "Nikologorsky, Matfei"]
[Result "0-1"]
[Board "34"]
[TimeControl "180+1"]
[WhiteFideId "2072904"]
[BlackFideId "24102474"]
[WhiteElo "2629"]
[BlackElo "2153"]
[WhiteTeam "USA"]
[BlackTeam "FID"]
[WhiteClock "0:00:03"]
[BlackClock "0:00:52"]

1. e4 c5 2. Nf3 e6 3. c3 d5 4. exd5 Qxd5 5. d4 Nf6 6. Na3 Nc6 7. Nb5 Qd8 8. Bf4 Nd5 9. Bg3 a6 10. Na3 cxd4 11. Nxd4 Bxa3 12. Nxc6 Qb6 13. Qa4 Qxb2 14. Ne5+ Ke7 15. Rd1 Qxc3+ 16. Rd2 Bc1 17. Nc4 b5 18. Bd6+ Ke8 19. Qa5 Bxd2+ 20. Kd1 Qc1+ 21. Ke2 Bxa5 0-1

[Event "November 21 Late 2023"]
[Site "https://www.chess.com"]
[Date "2023.11.21"]
[Round "9"]
[White "Lebedev, Artem S."]
[Black "Olsen, Filip Boe"]
[Result "1-0"]
[Board "35"]
[TimeControl "180+1"]
[WhiteFideId "34272747"]
[BlackFideId "1440640"]
[WhiteElo "1952"]
[BlackElo "2322"]
[WhiteTeam "RUS"]
[BlackTeam "DEN"]
[WhiteClock "0:00:37"]
[BlackClock "0:01:03"]

1. e4 c6 2. d4 d5 3. e5 Bf5 4. h4 h5 5. Bd3 Bxd3 6. Qxd3 Qa5+ 7. Nd2 Qa6 8. c4 e6 9. Ngf3 Nh6 10. O-O Nf5 11. Qc2 Be7 12. a4 Nxh4 13. Nxh4 Bxh4 14. Nf3 Be7 15. cxd5 exd5 16. Bg5 Nd7 17. e6 Nf6 18. exf7+ Kxf7 19. Ne5+ Kg8 20. Ng6 Re8 21. Rae1 Kf7 22. Nxh8+ Rxh8 23. Qf5 Re8 24. Bxf6 gxf6 25. Qxh5+ Kf8 26. Qh8+ Kf7 27. Qh7+ Kf8 28. Re3 c5 29. Rg3 Rd8 30. Rg8# 1-0

[Event "November 21 Late 2023"]
[Site "https://www.chess.com"]
[Date "2023.11.21"]
[Round "9"]
[White "TheKnightOfBosnia"]
[Black "Willy, Stephen"]
[Result "1-0"]
[Board "36"]
[TimeControl "180+1"]
[BlackFideId "30981468"]
[WhiteElo "2624"]
[BlackElo "2139"]
[BlackTeam "USA"]
[WhiteClock "0:00:32"]
[BlackClock "0:00:00"]

1. e4 d5 2. exd5 Nf6 3. h3 Qxd5 4. d4 Nc6 5. Nf3 e5 6. dxe5 Qxd1+ 7. Kxd1 Ne4 8. Be3 Bf5 9. Bd3 Nb4 10. Ke2 O-O-O 11. Rd1 Nxd3 12. cxd3 Nc5 13. d4 Na4 14. b3 Nb6 15. g4 Bd7 16. Nc3 Bb4 17. Rac1 h5 18. gxh5 Bxh3 19. Rg1 Rdg8 20. h6 gxh6 21. Rxg8+ Rxg8 22. Bxh6 Bg4 23. Ne4 Rh8 24. Bf4 Nd5 25. Bg3 f5 26. exf6 Re8 27. Be5 Bf5 28. Ng3 Bg6 29. Kf1 c6 30. Kg2 Rf8 31. Rh1 Nxf6 32. Rh6 Ne4 33. Rxg6 1-0

[Event "November 21 Late 2023"]
[Site "https://www.chess.com"]
[Date "2023.11.21"]
[Round "9"]
[White "Garrido, Denis"]
[Black "Statham_l3"]
[Result "0-1"]
[Board "37"]
[TimeControl "180+1"]
[WhiteFideId "601217"]
[WhiteElo "2402"]
[BlackElo "2598"]
[WhiteTeam "FRA"]
[WhiteClock "0:00:11"]
[BlackClock "0:00:05"]

1. e4 e5 2. Nf3 Nc6 3. Bb5 Nf6 4. d3 Bc5 5. c3 d5 6. Nbd2 O-O 7. O-O Bg4 8. h3 Bh5 9. Qc2 Qe7 10. exd5 Nxd5 11. Re1 Bxf2+ 12. Kxf2 Qc5+ 13. d4 exd4 14. Nb3 Qxb5 15. Nbxd4 Qb6 16. Qf5 Bxf3 17. Qxf3 Nxd4 18. cxd4 Qxd4+ 19. Kf1 Rae8 20. Bg5 h6 21. Red1 Qc4+ 22. Kg1 hxg5 23. Rxd5 Re3 24. Qf5 c6 25. Rd2 Qf4 26. Qc2 Rfe8 27. Rf1 Re1 28. Rf2 Rxf1+ 29. Rxf1 Qe3+ 30. Kh1 f6 31. Qc4+ Qe6 32. Qb4 b6 33. Qc3 Qd5 34. Kh2 Re4 35. Kh1 Qe5 36. Qxc6 Re3 37. Qc8+ Kh7 38. Qc2+ Qe4 39. Qxe4+ Rxe4 40. Rf3 Re2 41. Rb3 Kg6 42. Kg1 Kf5 43. Kf1 Rc2 44. Kg1 Ke5 45. Kh2 f5 46. Kg3 g6 47. Kf3 Rd2 48. Re3+ Kd4 49. Rb3 Rd3+ 50. Rxd3+ Kxd3 51. h4 gxh4 52. Kf4 Ke2 53. b4 Kf2 54. Kg5 Kxg2 55. Kxh4 f4 56. a4 f3 0-1

[Event "November 21 Late 2023"]
[Site "https://www.chess.com"]
[Date "2023.11.21"]
[Round "9"]
[White "Leiva, Gianmarco"]
[Black "Estrategia_vs_Tactica"]
[Result "1-0"]
[Board "38"]
[TimeControl "180+1"]
[WhiteFideId "3804399"]
[WhiteElo "2335"]
[BlackElo "2365"]
[WhiteTeam "PER"]
[WhiteClock "0:00:07"]
[BlackClock "0:00:06"]

1. e4 d6 2. d4 g6 3. Nc3 Bg7 4. Nf3 Nf6 5. h3 O-O 6. Be2 Nc6 7. O-O a6 8. Be3 e5 9. dxe5 dxe5 10. Qc1 Qe8 11. Bh6 Qe7 12. Rd1 Rd8 13. Rxd8+ Qxd8 14. Bc4 Qe7 15. Qe3 Be6 16. Nd5 Bxd5 17. Bxd5 Bxh6 18. Qxh6 Nxd5 19. exd5 Nd4 20. Nxd4 exd4 21. c4 dxc3 22. bxc3 Qe5 23. Qd2 Rd8 24. Rd1 b5 25. Qd4 Qxd4 26. Rxd4 Kf8 27. c4 c5 28. Rd1 bxc4 29. d6 Ke8 30. Rd5 Kd7 31. Rxc5 Rc8 32. Rd5 c3 33. Rd1 c2 34. Rc1 Kxd6 35. Kf1 Kd5 36. Ke2 Kd4 37. Kd2 h5 38. Rxc2 Rxc2+ 39. Kxc2 h4 40. Kb3 Kc5 41. Ka4 Kb6 42. Kb4 a5+ 43. Kc4 Kc6 44. g3 hxg3 45. fxg3 f6 46. h4 f5 47. a4 Kd6 48. Kb5 Ke5 49. Kxa5 Ke4 50. Kb5 Kf3 51. a5 Kxg3 52. a6 f4 53. a7 f3 54. a8=Q f2 55. Qh1 1-0

[Event "November 21 Late 2023"]
[Site "https://www.chess.com"]
[Date "2023.11.21"]
[Round "9"]
[White "WindWhistler11"]
[Black "PapaieDudu"]
[Result "0-1"]
[Board "39"]
[TimeControl "180+1"]
[WhiteElo "2571"]
[BlackElo "2411"]
[WhiteClock "0:00:31"]
[BlackClock "0:00:06"]

1. Nf3 d5 2. g3 e6 3. Bg2 Nf6 4. c4 Be7 5. O-O O-O 6. b3 b6 7. Bb2 Bb7 8. e3 dxc4 9. bxc4 c5 10. Qe2 Nbd7 11. Nc3 Qc7 12. Nb5 Qb8 13. a4 a6 14. Nc3 Qc7 15. d3 Rad8 16. Rab1 Rfe8 17. Ba1 Rc8 18. Rfd1 h6 19. h3 Bc6 20. e4 Bd6 21. Re1 e5 22. Nh4 Bf8 23. Nf5 Nb8 24. Rf1 Rcd8 25. f4 exf4 26. Rxf4 Nh7 27. Nd5 Bxd5 28. cxd5 Rxd5 29. Qb2 Rxd3 30. Nxh6+ Kh8 31. Nxf7+ Kg8 32. Nh6+ Kh8 33. Nf5 c4 34. Qf2 Bc5 35. Bd4 Nd7 36. Kh2 Nhf6 37. Bf1 Nxe4 38. Qe2 Rd2 39. Bxg7+ Kh7 40. Rh4+ Kg6 41. Rg4+ Kh7 42. Rh4+ Kg6 43. Rxe4 Rxe2+ 44. Rxe2 Rxe2+ 45. Bxe2 Kxf5 46. Bh6 Kg6 47. Bf4 Bd6 48. Rf1 Bxf4 49. Rxf4 Ne5 50. Bd1 Qd6 51. Bc2+ Kg7 52. Rf2 Nd3 53. Re2 Qd4 54. Re7+ Kf6 55. Re2 Nc1 56. Rg2 Nd3 57. Rd2 Qc3 58. Re2 Nc1 59. Rf2+ Ke5 60. Bf5 Nd3 61. Re2+ Kxf5 62. Rg2 Qd4 63. g4+ Ke4 64. h4 c3 65. Kh3 Qe3+ 66. Rg3 Nf4+ 67. Kh2 Qf2+ 68. Kh1 Qxg3 0-1

[Event "November 21 Late 2023"]
[Site "https://www.chess.com"]
[Date "2023.11.21"]
[Round "9"]
[White "The_Straightforward_Rook"]
[Black "Bazeev, German"]
[Result "0-1"]
[Board "40"]
[TimeControl "180+1"]
[BlackFideId "24119350"]
[WhiteElo "2523"]
[BlackElo "2418"]
[BlackTeam "RUS"]
[WhiteClock "0:00:25"]
[BlackClock "0:01:18"]

1. e4 c5 2. c3 Nf6 3. e5 Nd5 4. Nf3 Nc6 5. Bc4 e6 6. O-O d6 7. exd6 Bxd6 8. d4 cxd4 9. Bxd5 exd5 10. Re1+ Be7 11. Nxd4 O-O 12. Bf4 Bf6 13. Be3 Ne5 14. Na3 a6 15. Bf4 Ng6 16. Bg3 Qb6 17. Nb3 Be6 18. Nc2 a5 19. Ncd4 Bd7 20. a4 Rfe8 21. Qd2 h5 22. f3 h4 23. Bf2 h3 24. g3 Qc7 25. Nb5 Bxb5 26. axb5 a4 27. Nd4 Ne5 28. Qf4 Qc4 29. Qf5 Nd3 30. Rxe8+ Rxe8 31. Qd7 Rf8 32. Be3 Nxb2 33. Qxh3 Qxc3 34. Nf5 Nc4 35. Bh6 Qxa1+ 0-1

[Event "November 21 Late 2023"]
[Site "https://www.chess.com"]
[Date "2023.11.21"]
[Round "9"]
[White "RodokininEV"]
[Black "Maksimovic, Bojan"]
[Result "0-1"]
[Board "41"]
[TimeControl "180+1"]
[BlackFideId "14408120"]
[WhiteElo "2520"]
[BlackElo "2546"]
[BlackTeam "BIH"]
[WhiteClock "0:00:12"]
[BlackClock "0:01:01"]

1. d4 a6 2. e4 e6 3. Bd3 d5 4. Nd2 c5 5. exd5 exd5 6. Ngf3 Nc6 7. dxc5 Bxc5 8. O-O Nf6 9. Nb3 Ba7 10. Re1+ Be6 11. Rxe6+ fxe6 12. Qe2 Qe7 13. Ng5 e5 14. Bf5 O-O 15. c4 dxc4 16. Qxc4+ Kh8 17. Qh4 h6 18. Ne6 Rf7 19. Ng5 Rff8 20. Ne6 Nd5 21. Bg5 Rxf5 22. Bxe7 Bxf2+ 23. Qxf2 Rxf2 24. Kxf2 Ndxe7 25. Ke3 Nd5+ 26. Ke4 Nf6+ 27. Ke3 Re8 28. Nec5 e4 29. Rd1 Re7 30. Nd4 Nd5+ 31. Ke2 Nf4+ 32. Kf1 e3 33. Ne2 Rf7 34. Nxf4 Rxf4+ 35. Ke2 Rf2+ 36. Kxe3 Rxb2 37. Rd2 Rb5 38. Nd3 Ra5 39. Rb2 b5 40. Ke4 Ra3 41. Nc5 Na5 42. Kd5 Nc4 43. Re2 Kg8 44. h4 Kf7 45. h5 Kf6 46. Re6+ Kg5 47. Re2 Kxh5 48. Ne6 g5 49. Ng7+ Kg4 50. Re4+ Kg3 51. Re2 Kg4 52. Ne6 Ne3+ 53. Ke4 Nf5 54. Nd4 Ng3+ 0-1